Workbook
Name cumBalance: OFFSET(Calc!$P$6,,,Calc!$AB$6)
Name datesStart: Calc!$AD$6
Name fixedCosts: OFFSET(Calc!$U$6,,,Calc!$AB$6)
Name investment: FinancialStatement!$H$6
Name periods: OFFSET(Calc!$O$6,,,Calc!$AB$6)
Name periodsCount: Calc!$AB$6
Name periodStart: Calc!$B$6
Name pieHeaders: OFFSET(Calc!$X$5,,,,Calc!$AB$7)
Name pieValues: OFFSET(Calc!$X$6,,,,Calc!$AB$7)
Name profitStart: Calc!$J$6
Name revenuesStart: FinancialStatement!$E$6
Name totalCost: OFFSET(Calc!$T$6,,,Calc!$AB$6)
Name variableCosts: OFFSET(Calc!$V$6,,,Calc!$AB$6)

Sheet Dashboard
C2: BREAK EVEN ANALYSIS TEMPLATE
C3: DASHBOARD
L7: Period: | M7: 5
L8: REVENUES | M8: =IFERROR(IF(M9*M10=0,"",M9*M10),"") -> 175000
L9: Unit Price (Weighted Average) | M9: =IFERROR(IF(INDEX(Calc!$B$6:$L$15,MATCH(Dashboard!$M$7,Calc!$B$6:$B$15,0),MATCH(Calc!$D$5,Calc!$B$5:$L$5,0))=0,"",INDEX(Calc!$B$6:$L$15,MATCH(Dashboard!$M$7,Calc!$B$6:$B$15,0),MATCH(Calc!$D$5,Calc!$B$5:$L$5,0))),"") -> 100
L10: Monthly Production (Units) | M10: =IFERROR(IF(INDEX(Calc!$B$6:$L$15,MATCH(Dashboard!$M$7,Calc!$B$6:$B$15,0),MATCH(Calc!$C$5,Calc!$B$5:$L$5,0))=0,"",INDEX(Calc!$B$6:$L$15,MATCH(Dashboard!$M$7,Calc!$B$6:$B$15,0),MATCH(Calc!$C$5,Calc!$B$5:$L$5,0))),"") -> 1750
L12: TOTAL COST | M12: =IFERROR(IF($M$13+$M$14=0,"",$M$13+$M$14),"") -> 125000
L13: Variable Costs | M13: =IFERROR(IF(INDEX(Calc!$B$6:$L$15,MATCH(Dashboard!$M$7,Calc!$B$6:$B$15,0),MATCH(Calc!$G$5,Calc!$B$5:$L$5,0))=0,"",INDEX(Calc!$B$6:$L$15,MATCH(Dashboard!$M$7,Calc!$B$6:$B$15,0),MATCH(Calc!$G$5,Calc!$B$5:$L$5,0))),"") -> 75000
L14: Fixed Costs | M14: =IFERROR(IF(INDEX(Calc!$B$6:$L$15,MATCH(Dashboard!$M$7,Calc!$B$6:$B$15,0),MATCH(Calc!$F$5,Calc!$B$5:$L$5,0))=0,"",INDEX(Calc!$B$6:$L$15,MATCH(Dashboard!$M$7,Calc!$B$6:$B$15,0),MATCH(Calc!$F$5,Calc!$B$5:$L$5,0))),"") -> 50000
L16: INITIAL INVESTMENT | M16: =IFERROR(IF(investment=0,"",investment),"") -> 311500
L18: NET PROFIT (LOSS) | M18: =IFERROR(INDEX(Calc!$B$6:$L$15,MATCH(Dashboard!$M$7,Calc!$B$6:$B$15,0),MATCH(Calc!$J$5,Calc!$B$5:$L$5,0)),"") -> 50000
L20: ="CUMULATIVE BALANCE OF PERIOD" &" "&$M$7 -> CUMULATIVE BALANCE OF PERIOD 5 | M20: =IFERROR(INDEX(Calc!$B$6:$L$15,MATCH(Dashboard!$M$7,Calc!$B$6:$B$15,0),MATCH(Calc!$L$5,Calc!$B$5:$L$5,0)),"") -> -61500
L22: INTERNAL RATE OF RETURN (of Project) | M22: =IFERROR(XIRR(OFFSET(profitStart,0,0,periodsCount,1),OFFSET(datesStart,0,0,periodsCount,1)),"") -> 0.43396153
L24: NET PRESENT VALUE (of Project) | M24: =IFERROR(NPV($M$25/12,OFFSET(profitStart,1,0,periodsCount-1,1))-investment,"") -> 37336.244
L25: Discount Rate (Annual) | M25: 0.01

Sheet FinancialStatement
B2: BREAK EVEN ANALYSIS TEMPLATE
B3: FINANCIAL STATEMENTS
B5: Periods | C5: Monthly Sales (Qty.) | D5: Unit Price (Avg.) | E5: Revenues | F5: Fixed Costs | G5: Variable Costs | H5: Initial Investment | I5: Total Cost | J5: Net Profit | K5: Net Profit (per unit) | L5: Cumulative Balance | N5: Initial Investment | O5: USD
B6: 0 | E6: 0 | H6: 311500 | I6: =IFERROR(IF(AND(LEN(F6)=0,LEN(G6)=0,LEN(H6)=0),IF(LEN(E6)=0,"",""),F6+G6+H6),"") -> 311500 | J6: =IFERROR(E6-I6,"") -> -311500 | K6: =IFERROR(J6/C6,"") | L6: =IFERROR(E6-I6,"") -> -311500 | N6: Acquiring facility | O6: 175000
B7: 1 | C7: 1750 | D7: 100 | E7: =IFERROR(IF(OR(LEN(C7)=0,LEN(D7)=0),"",C7*D7),"") -> 175000 | F7: 50000 | G7: 75000 | I7: =IFERROR(IF(AND(LEN(F7)=0,LEN(G7)=0,LEN(H7)=0),IF(LEN(E7)=0,"",""),F7+G7+H7),"") -> 125000 | J7: =IFERROR(E7-I7,"") -> 50000 | K7: =IFERROR(J7/C7,"") -> 28.571429 | L7: =IFERROR(L6+J7,"") -> -261500 | N7: Cash required | O7: 50000
B8: 2 | C8: 1750 | D8: 100 | E8: =IFERROR(IF(OR(LEN(C8)=0,LEN(D8)=0),"",C8*D8),"") -> 175000 | F8: 50000 | G8: 75000 | I8: =IFERROR(IF(AND(LEN(F8)=0,LEN(G8)=0,LEN(H8)=0),IF(LEN(E8)=0,"",""),F8+G8+H8),"") -> 125000 | J8: =IFERROR(E8-I8,"") -> 50000 | K8: =IFERROR(J8/C8,"") -> 28.571429 | L8: =IFERROR(L7+J8,"") -> -211500 | N8: Remodeling | O8: 5000
B9: 3 | C9: 1750 | D9: 100 | E9: =IFERROR(IF(OR(LEN(C9)=0,LEN(D9)=0),"",C9*D9),"") -> 175000 | F9: 50000 | G9: 75000 | I9: =IFERROR(IF(AND(LEN(F9)=0,LEN(G9)=0,LEN(H9)=0),IF(LEN(E9)=0,"",""),F9+G9+H9),"") -> 125000 | J9: =IFERROR(E9-I9,"") -> 50000 | K9: =IFERROR(J9/C9,"") -> 28.571429 | L9: =IFERROR(L8+J9,"") -> -161500 | N9: Inventory | O9: 7500
B10: 4 | C10: 1750 | D10: 100 | E10: =IFERROR(IF(OR(LEN(C10)=0,LEN(D10)=0),"",C10*D10),"") -> 175000 | F10: 50000 | G10: 75000 | I10: =IFERROR(IF(AND(LEN(F10)=0,LEN(G10)=0,LEN(H10)=0),IF(LEN(E10)=0,"",""),F10+G10+H10),"") -> 125000 | J10: =IFERROR(E10-I10,"") -> 50000 | K10: =IFERROR(J10/C10,"") -> 28.571429 | L10: =IFERROR(L9+J10,"") -> -111500 | N10: Storage hardware | O10: 10000
B11: 5 | C11: 1750 | D11: 100 | E11: =IFERROR(IF(OR(LEN(C11)=0,LEN(D11)=0),"",C11*D11),"") -> 175000 | F11: 50000 | G11: 75000 | I11: =IFERROR(IF(AND(LEN(F11)=0,LEN(G11)=0,LEN(H11)=0),IF(LEN(E11)=0,"",""),F11+G11+H11),"") -> 125000 | J11: =IFERROR(E11-I11,"") -> 50000 | K11: =IFERROR(J11/C11,"") -> 28.571429 | L11: =IFERROR(L10+J11,"") -> -61500 | N11: Store equipment | O11: 15000
B12: 6 | C12: 1750 | D12: 100 | E12: =IFERROR(IF(OR(LEN(C12)=0,LEN(D12)=0),"",C12*D12),"") -> 175000 | F12: 50000 | G12: 75000 | I12: =IFERROR(IF(AND(LEN(F12)=0,LEN(G12)=0,LEN(H12)=0),IF(LEN(E12)=0,"",""),F12+G12+H12),"") -> 125000 | J12: =IFERROR(E12-I12,"") -> 50000 | K12: =IFERROR(J12/C12,"") -> 28.571429 | L12: =IFERROR(L11+J12,"") -> -11500 | N12: Office furniture | O12: 6000
B13: 7 | C13: 1750 | D13: 100 | E13: =IFERROR(IF(OR(LEN(C13)=0,LEN(D13)=0),"",C13*D13),"") -> 175000 | F13: 50000 | G13: 75000 | I13: =IFERROR(IF(AND(LEN(F13)=0,LEN(G13)=0,LEN(H13)=0),IF(LEN(E13)=0,"",""),F13+G13+H13),"") -> 125000 | J13: =IFERROR(E13-I13,"") -> 50000 | K13: =IFERROR(J13/C13,"") -> 28.571429 | L13: =IFERROR(L12+J13,"") -> 38500 | N13: Software | O13: 3000
B14: 8 | E14: =IFERROR(IF(OR(LEN(C14)=0,LEN(D14)=0),"",C14*D14),"") | I14: =IFERROR(IF(AND(LEN(F14)=0,LEN(G14)=0,LEN(H14)=0),IF(LEN(E14)=0,"",""),F14+G14+H14),"") | J14: =IFERROR(E14-I14,"") | K14: =IFERROR(J14/C14,"") | L14: =IFERROR(L13+J14,"")
B15: 9 | E15: =IFERROR(IF(OR(LEN(C15)=0,LEN(D15)=0),"",C15*D15),"") | I15: =IFERROR(IF(AND(LEN(F15)=0,LEN(G15)=0,LEN(H15)=0),IF(LEN(E15)=0,"",""),F15+G15+H15),"") | J15: =IFERROR(E15-I15,"") | K15: =IFERROR(J15/C15,"") | L15: =IFERROR(L14+J15,"")
B16: 10
B17: 11
B18: 12
B19: 13
B20: 14
B21: 15
B22: 16
B23: 17
B24: 18
B25: 19
B26: 20
B27: 21
... B30: 24
G32: VALUE CALCULATORS
B34: Product Name | C34: Sales Qty | D34: Sales Price | E34: COGS | F34: Net Value | H34: Variable Costs | I34: USD | K34: Fixed Costs | L34: USD
B35: Product 1 | C35: 280 | D35: 100 | E35: 49 | F35: =IFERROR(IF(LEN(B35)=0,"",(D35-E35)),"") -> 51 | H35: Electricity | I35: 1200 | K35: Salaries | L35: 25000
B36: Product 2 | C36: 300 | D36: 100 | E36: 46.5 | F36: =IFERROR(IF(LEN(B36)=0,"",(D36-E36)),"") -> 53.5 | H36: Raw Materials | I36: 71100 | K36: Rent | L36: 22000
B37: Product 3 | C37: 195 | D37: 91.8 | E37: 27.5 | F37: =IFERROR(IF(LEN(B37)=0,"",(D37-E37)),"") -> 64.3 | H37: Machinery Oil | I37: 200 | K37: Water | L37: 1250
B38: Product 4 | C38: 50 | D38: 100 | E38: 44 | F38: =IFERROR(IF(LEN(B38)=0,"",(D38-E38)),"") -> 56 | H38: Commissions | I38: 2500 | K38: Gas | L38: 1250
F39: =IFERROR(IF(LEN(B39)=0,"",(D39-E39)),"")
F40: =IFERROR(IF(LEN(B40)=0,"",(D40-E40)),"")
B59: Total Sales (Qty) | C59: =IFERROR(IF(SUM($C$35:$C$57)=0,"",SUM($C$35:$C$57)),"") -> 825 | D59: Unit Price (Avg.) | E59: =IFERROR(IF(SUMPRODUCT($C$35:$C$57,D$35:D$57)/SUM($C$35:$C$57)=0,"",SUMPRODUCT($C$35:$C$57,D$35:D$57)/SUM($C$35:$C$57)),"") -> 98.061818 | H59: Total Variable Cost | I59: =IFERROR(IF(SUM(I35:I57)=0,"",SUM(I35:I57)),"") -> 75000 | K59: Total Fixed Cost | L59: =IFERROR(IF(SUM(L35:L57)=0,"",SUM(L35:L57)),"") -> 49500 | N59: Total Initial Investment | O59: =IFERROR(IF(SUM(O6:O57)=0,"",SUM(O6:O57)),"") -> 271500

Sheet Calc
B5: Periods | C5: Monthly Sales (Qty.) | D5: Unit Price (Avg.) | E5: Revenues | F5: Fixed Costs | G5: Variable Costs | H5: Initial Investment | I5: Total Cost | J5: Net Profit | K5: Net Profit (per unit) | L5: Cumulative Balance | M5: Active | O5: Periods | P5: Cumulative Balance | R5: Periods | S5: Cumulative Balance | T5: Total Cost | U5: Fixed Costs | V5: Variable Costs | X5: Initial Investment | Y5: Fixed Costs | Z5: Variable Costs | AB5: Row Count | AD5: Dates for IRR Calculation | AE5: Dynamic Month Mover | AF5: Period Counter
B6: 0 | E6: =IFERROR(IF(OR(LEN(C6)=0,LEN(D6)=0),"0",C6*D6),"") -> 0 | H6: =IFERROR(IF(INDEX(FinancialStatement!$B$5:$L$15,Calc!$B6,MATCH(Calc!H$5,FinancialStatement!$B$5:$L$5,0))<>"",INDEX(FinancialStatement!$B$5:$L$15,Calc!$B6,MATCH(Calc!H$5,FinancialStatement!$B$5:$L$5,0)),""),"") -> 311500 | I6: =IFERROR(IF(AND(LEN(F6)=0,LEN(G6)=0,LEN(H6)=0),"",F6+G6+H6),"") -> 311500 | J6: =IFERROR(E6-I6,"") -> -311500 | K6: =IFERROR(J6/C6,"") | L6: =IFERROR(E6-I6,"") -> -311500 | M6: =IF(LEN(E6)=0,"","Yes") -> Yes | O6: =IFERROR(IF($M6="Yes",$B6,""),"") -> 0 | P6: =IFERROR(IF($M6="Yes",IF($L6=0,"",$L6),""),"") -> -311500 | R6: =IFERROR(IF($M6="Yes",$B6,""),"") -> 0 | S6: =IFERROR(IF($M6="Yes",IF($L6=0,"",$L6),""),"") -> -311500 | T6: =IFERROR(IF($M6="Yes",IF($I6=0,"",$I6),""),"") -> 311500 | U6: =IFERROR(IF($M6="Yes",IF($F6=0,"",$F6),""),"") | V6: =IFERROR(IF($M6="Yes",IF($G6=0,"",$G6),""),"") | X6: =IFERROR($H$6,"") -> 311500 | Y6: =IFERROR(SUM($U$6:$U$15),"") -> 350000 | Z6: =IFERROR(SUM($V$6:$V$15),"") -> 525000 | AB6: =MAX(COUNTA($O$6:$O$15)-COUNTBLANK($O$6:$O$15),1) -> 8 | AD6: =DATE(YEAR(TODAY()),MONTH(TODAY())+AE6,DAY(TODAY())) -> 44977 | AE6: =ROW(AE6)-ROW($AE$6) -> 0 | AF6: =MAX(COUNTA($O$6:$O$15)-COUNTBLANK($O$6:$O$15),1) -> 8
B7: 1 | C7: =IFERROR(IF(INDEX(FinancialStatement!$B$5:$L$15,Calc!$B7+2,MATCH(Calc!C$5,FinancialStatement!$B$5:$L$5,0))<>"",INDEX(FinancialStatement!$B$5:$L$15,Calc!$B7+2,MATCH(Calc!C$5,FinancialStatement!$B$5:$L$5,0)),""),"") -> 1750 | D7: =IFERROR(IF(INDEX(FinancialStatement!$B$5:$L$15,Calc!$B7+2,MATCH(Calc!D$5,FinancialStatement!$B$5:$L$5,0))<>"",INDEX(FinancialStatement!$B$5:$L$15,Calc!$B7+2,MATCH(Calc!D$5,FinancialStatement!$B$5:$L$5,0)),""),"") -> 100 | E7: =IFERROR(IF(INDEX(FinancialStatement!$B$5:$L$15,Calc!$B7+2,MATCH(Calc!E$5,FinancialStatement!$B$5:$L$5,0))<>"",INDEX(FinancialStatement!$B$5:$L$15,Calc!$B7+2,MATCH(Calc!E$5,FinancialStatement!$B$5:$L$5,0)),""),"") -> 175000 | F7: =IFERROR(IF(INDEX(FinancialStatement!$B$5:$L$15,Calc!$B7+2,MATCH(Calc!F$5,FinancialStatement!$B$5:$L$5,0))<>"",INDEX(FinancialStatement!$B$5:$L$15,Calc!$B7+2,MATCH(Calc!F$5,FinancialStatement!$B$5:$L$5,0)),""),"") -> 50000 | G7: =IFERROR(IF(INDEX(FinancialStatement!$B$5:$L$15,Calc!$B7+2,MATCH(Calc!G$5,FinancialStatement!$B$5:$L$5,0))<>"",INDEX(FinancialStatement!$B$5:$L$15,Calc!$B7+2,MATCH(Calc!G$5,FinancialStatement!$B$5:$L$5,0)),""),"") -> 75000 | I7: =IFERROR(IF(AND(LEN(F7)=0,LEN(G7)=0,LEN(H7)=0),IF(LEN(E7)=0,"",0),F7+G7+H7),"") -> 125000 | J7: =IFERROR(E7-I7,"") -> 50000 | K7: =IFERROR(J7/C7,"") -> 28.571429 | L7: =IFERROR(L6+J7,"") -> -261500 | M7: =IF(LEN(E7)=0,"","Yes") -> Yes | O7: =IFERROR(IF($M7="Yes",$B7,""),"") -> 1 | P7: =IFERROR(IF($M7="Yes",IF($L7=0,"",$L7),""),"") -> -261500 | R7: =IFERROR(IF($M7="Yes",$B7,""),"") -> 1 | S7: =IFERROR(IF($M7="Yes",IF($L7=0,"",$L7),""),"") -> -261500 | T7: =IFERROR(IF($M7="Yes",IF($I7=0,"",$I7),""),"") -> 125000 | U7: =IFERROR(IF($M7="Yes",IF($F7=0,"",$F7),""),"") -> 50000 | V7: =IFERROR(IF($M7="Yes",IF($G7=0,"",$G7),""),"") -> 75000 | AB7: =MAX(COUNTA($X$5:$Z$5)-COUNTBLANK($X$5:$Z$5),1) -> 3 | AD7: =DATE(YEAR(TODAY()),MONTH(TODAY())+AE7,DAY(TODAY())) -> 45005 | AE7: =ROW(AE7)-ROW($AE$6) -> 1
B8: 2 | C8: =IFERROR(IF(INDEX(FinancialStatement!$B$5:$L$15,Calc!$B8+2,MATCH(Calc!C$5,FinancialStatement!$B$5:$L$5,0))<>"",INDEX(FinancialStatement!$B$5:$L$15,Calc!$B8+2,MATCH(Calc!C$5,FinancialStatement!$B$5:$L$5,0)),""),"") -> 1750 | D8: =IFERROR(IF(INDEX(FinancialStatement!$B$5:$L$15,Calc!$B8+2,MATCH(Calc!D$5,FinancialStatement!$B$5:$L$5,0))<>"",INDEX(FinancialStatement!$B$5:$L$15,Calc!$B8+2,MATCH(Calc!D$5,FinancialStatement!$B$5:$L$5,0)),""),"") -> 100 | E8: =IFERROR(IF(INDEX(FinancialStatement!$B$5:$L$15,Calc!$B8+2,MATCH(Calc!E$5,FinancialStatement!$B$5:$L$5,0))<>"",INDEX(FinancialStatement!$B$5:$L$15,Calc!$B8+2,MATCH(Calc!E$5,FinancialStatement!$B$5:$L$5,0)),""),"") -> 175000 | F8: =IFERROR(IF(INDEX(FinancialStatement!$B$5:$L$15,Calc!$B8+2,MATCH(Calc!F$5,FinancialStatement!$B$5:$L$5,0))<>"",INDEX(FinancialStatement!$B$5:$L$15,Calc!$B8+2,MATCH(Calc!F$5,FinancialStatement!$B$5:$L$5,0)),""),"") -> 50000 | G8: =IFERROR(IF(INDEX(FinancialStatement!$B$5:$L$15,Calc!$B8+2,MATCH(Calc!G$5,FinancialStatement!$B$5:$L$5,0))<>"",INDEX(FinancialStatement!$B$5:$L$15,Calc!$B8+2,MATCH(Calc!G$5,FinancialStatement!$B$5:$L$5,0)),""),"") -> 75000 | I8: =IFERROR(IF(AND(LEN(F8)=0,LEN(G8)=0,LEN(H8)=0),IF(LEN(E8)=0,"",0),F8+G8+H8),"") -> 125000 | J8: =IFERROR(E8-I8,"") -> 50000 | K8: =IFERROR(J8/C8,"") -> 28.571429 | L8: =IFERROR(L7+J8,"") -> -211500 | M8: =IF(LEN(E8)=0,"","Yes") -> Yes | O8: =IFERROR(IF($M8="Yes",$B8,""),"") -> 2 | P8: =IFERROR(IF($M8="Yes",IF($L8=0,"",$L8),""),"") -> -211500 | R8: =IFERROR(IF($M8="Yes",$B8,""),"") -> 2 | S8: =IFERROR(IF($M8="Yes",IF($L8=0,"",$L8),""),"") -> -211500 | T8: =IFERROR(IF($M8="Yes",IF($I8=0,"",$I8),""),"") -> 125000 | U8: =IFERROR(IF($M8="Yes",IF($F8=0,"",$F8),""),"") -> 50000 | V8: =IFERROR(IF($M8="Yes",IF($G8=0,"",$G8),""),"") -> 75000 | AD8: =DATE(YEAR(TODAY()),MONTH(TODAY())+AE8,DAY(TODAY())) -> 45036 | AE8: =ROW(AE8)-ROW($AE$6) -> 2
B9: 3 | C9: =IFERROR(IF(INDEX(FinancialStatement!$B$5:$L$15,Calc!$B9+2,MATCH(Calc!C$5,FinancialStatement!$B$5:$L$5,0))<>"",INDEX(FinancialStatement!$B$5:$L$15,Calc!$B9+2,MATCH(Calc!C$5,FinancialStatement!$B$5:$L$5,0)),""),"") -> 1750 | D9: =IFERROR(IF(INDEX(FinancialStatement!$B$5:$L$15,Calc!$B9+2,MATCH(Calc!D$5,FinancialStatement!$B$5:$L$5,0))<>"",INDEX(FinancialStatement!$B$5:$L$15,Calc!$B9+2,MATCH(Calc!D$5,FinancialStatement!$B$5:$L$5,0)),""),"") -> 100 | E9: =IFERROR(IF(INDEX(FinancialStatement!$B$5:$L$15,Calc!$B9+2,MATCH(Calc!E$5,FinancialStatement!$B$5:$L$5,0))<>"",INDEX(FinancialStatement!$B$5:$L$15,Calc!$B9+2,MATCH(Calc!E$5,FinancialStatement!$B$5:$L$5,0)),""),"") -> 175000 | F9: =IFERROR(IF(INDEX(FinancialStatement!$B$5:$L$15,Calc!$B9+2,MATCH(Calc!F$5,FinancialStatement!$B$5:$L$5,0))<>"",INDEX(FinancialStatement!$B$5:$L$15,Calc!$B9+2,MATCH(Calc!F$5,FinancialStatement!$B$5:$L$5,0)),""),"") -> 50000 | G9: =IFERROR(IF(INDEX(FinancialStatement!$B$5:$L$15,Calc!$B9+2,MATCH(Calc!G$5,FinancialStatement!$B$5:$L$5,0))<>"",INDEX(FinancialStatement!$B$5:$L$15,Calc!$B9+2,MATCH(Calc!G$5,FinancialStatement!$B$5:$L$5,0)),""),"") -> 75000 | I9: =IFERROR(IF(AND(LEN(F9)=0,LEN(G9)=0,LEN(H9)=0),IF(LEN(E9)=0,"",0),F9+G9+H9),"") -> 125000 | J9: =IFERROR(E9-I9,"") -> 50000 | K9: =IFERROR(J9/C9,"") -> 28.571429 | L9: =IFERROR(L8+J9,"") -> -161500 | M9: =IF(LEN(E9)=0,"","Yes") -> Yes | O9: =IFERROR(IF($M9="Yes",$B9,""),"") -> 3 | P9: =IFERROR(IF($M9="Yes",IF($L9=0,"",$L9),""),"") -> -161500 | R9: =IFERROR(IF($M9="Yes",$B9,""),"") -> 3 | S9: =IFERROR(IF($M9="Yes",IF($L9=0,"",$L9),""),"") -> -161500 | T9: =IFERROR(IF($M9="Yes",IF($I9=0,"",$I9),""),"") -> 125000 | U9: =IFERROR(IF($M9="Yes",IF($F9=0,"",$F9),""),"") -> 50000 | V9: =IFERROR(IF($M9="Yes",IF($G9=0,"",$G9),""),"") -> 75000 | AD9: =DATE(YEAR(TODAY()),MONTH(TODAY())+AE9,DAY(TODAY())) -> 45066 | AE9: =ROW(AE9)-ROW($AE$6) -> 3
B10: 4 | C10: =IFERROR(IF(INDEX(FinancialStatement!$B$5:$L$15,Calc!$B10+2,MATCH(Calc!C$5,FinancialStatement!$B$5:$L$5,0))<>"",INDEX(FinancialStatement!$B$5:$L$15,Calc!$B10+2,MATCH(Calc!C$5,FinancialStatement!$B$5:$L$5,0)),""),"") -> 1750 | D10: =IFERROR(IF(INDEX(FinancialStatement!$B$5:$L$15,Calc!$B10+2,MATCH(Calc!D$5,FinancialStatement!$B$5:$L$5,0))<>"",INDEX(FinancialStatement!$B$5:$L$15,Calc!$B10+2,MATCH(Calc!D$5,FinancialStatement!$B$5:$L$5,0)),""),"") -> 100 | E10: =IFERROR(IF(INDEX(FinancialStatement!$B$5:$L$15,Calc!$B10+2,MATCH(Calc!E$5,FinancialStatement!$B$5:$L$5,0))<>"",INDEX(FinancialStatement!$B$5:$L$15,Calc!$B10+2,MATCH(Calc!E$5,FinancialStatement!$B$5:$L$5,0)),""),"") -> 175000 | F10: =IFERROR(IF(INDEX(FinancialStatement!$B$5:$L$15,Calc!$B10+2,MATCH(Calc!F$5,FinancialStatement!$B$5:$L$5,0))<>"",INDEX(FinancialStatement!$B$5:$L$15,Calc!$B10+2,MATCH(Calc!F$5,FinancialStatement!$B$5:$L$5,0)),""),"") -> 50000 | G10: =IFERROR(IF(INDEX(FinancialStatement!$B$5:$L$15,Calc!$B10+2,MATCH(Calc!G$5,FinancialStatement!$B$5:$L$5,0))<>"",INDEX(FinancialStatement!$B$5:$L$15,Calc!$B10+2,MATCH(Calc!G$5,FinancialStatement!$B$5:$L$5,0)),""),"") -> 75000 | I10: =IFERROR(IF(AND(LEN(F10)=0,LEN(G10)=0,LEN(H10)=0),IF(LEN(E10)=0,"",0),F10+G10+H10),"") -> 125000 | J10: =IFERROR(E10-I10,"") -> 50000 | K10: =IFERROR(J10/C10,"") -> 28.571429 | L10: =IFERROR(L9+J10,"") -> -111500 | M10: =IF(LEN(E10)=0,"","Yes") -> Yes | O10: =IFERROR(IF($M10="Yes",$B10,""),"") -> 4 | P10: =IFERROR(IF($M10="Yes",IF($L10=0,"",$L10),""),"") -> -111500 | R10: =IFERROR(IF($M10="Yes",$B10,""),"") -> 4 | S10: =IFERROR(IF($M10="Yes",IF($L10=0,"",$L10),""),"") -> -111500 | T10: =IFERROR(IF($M10="Yes",IF($I10=0,"",$I10),""),"") -> 125000 | U10: =IFERROR(IF($M10="Yes",IF($F10=0,"",$F10),""),"") -> 50000 | V10: =IFERROR(IF($M10="Yes",IF($G10=0,"",$G10),""),"") -> 75000 | AD10: =DATE(YEAR(TODAY()),MONTH(TODAY())+AE10,DAY(TODAY())) -> 45097 | AE10: =ROW(AE10)-ROW($AE$6) -> 4
B11: 5 | C11: =IFERROR(IF(INDEX(FinancialStatement!$B$5:$L$15,Calc!$B11+2,MATCH(Calc!C$5,FinancialStatement!$B$5:$L$5,0))<>"",INDEX(FinancialStatement!$B$5:$L$15,Calc!$B11+2,MATCH(Calc!C$5,FinancialStatement!$B$5:$L$5,0)),""),"") -> 1750 | D11: =IFERROR(IF(INDEX(FinancialStatement!$B$5:$L$15,Calc!$B11+2,MATCH(Calc!D$5,FinancialStatement!$B$5:$L$5,0))<>"",INDEX(FinancialStatement!$B$5:$L$15,Calc!$B11+2,MATCH(Calc!D$5,FinancialStatement!$B$5:$L$5,0)),""),"") -> 100 | E11: =IFERROR(IF(INDEX(FinancialStatement!$B$5:$L$15,Calc!$B11+2,MATCH(Calc!E$5,FinancialStatement!$B$5:$L$5,0))<>"",INDEX(FinancialStatement!$B$5:$L$15,Calc!$B11+2,MATCH(Calc!E$5,FinancialStatement!$B$5:$L$5,0)),""),"") -> 175000 | F11: =IFERROR(IF(INDEX(FinancialStatement!$B$5:$L$15,Calc!$B11+2,MATCH(Calc!F$5,FinancialStatement!$B$5:$L$5,0))<>"",INDEX(FinancialStatement!$B$5:$L$15,Calc!$B11+2,MATCH(Calc!F$5,FinancialStatement!$B$5:$L$5,0)),""),"") -> 50000 | G11: =IFERROR(IF(INDEX(FinancialStatement!$B$5:$L$15,Calc!$B11+2,MATCH(Calc!G$5,FinancialStatement!$B$5:$L$5,0))<>"",INDEX(FinancialStatement!$B$5:$L$15,Calc!$B11+2,MATCH(Calc!G$5,FinancialStatement!$B$5:$L$5,0)),""),"") -> 75000 | I11: =IFERROR(IF(AND(LEN(F11)=0,LEN(G11)=0,LEN(H11)=0),IF(LEN(E11)=0,"",0),F11+G11+H11),"") -> 125000 | J11: =IFERROR(E11-I11,"") -> 50000 | K11: =IFERROR(J11/C11,"") -> 28.571429 | L11: =IFERROR(L10+J11,"") -> -61500 | M11: =IF(LEN(E11)=0,"","Yes") -> Yes | O11: =IFERROR(IF($M11="Yes",$B11,""),"") -> 5 | P11: =IFERROR(IF($M11="Yes",IF($L11=0,"",$L11),""),"") -> -61500 | R11: =IFERROR(IF($M11="Yes",$B11,""),"") -> 5 | S11: =IFERROR(IF($M11="Yes",IF($L11=0,"",$L11),""),"") -> -61500 | T11: =IFERROR(IF($M11="Yes",IF($I11=0,"",$I11),""),"") -> 125000 | U11: =IFERROR(IF($M11="Yes",IF($F11=0,"",$F11),""),"") -> 50000 | V11: =IFERROR(IF($M11="Yes",IF($G11=0,"",$G11),""),"") -> 75000 | AD11: =DATE(YEAR(TODAY()),MONTH(TODAY())+AE11,DAY(TODAY())) -> 45127 | AE11: =ROW(AE11)-ROW($AE$6) -> 5
B12: 6 | C12: =IFERROR(IF(INDEX(FinancialStatement!$B$5:$L$15,Calc!$B12+2,MATCH(Calc!C$5,FinancialStatement!$B$5:$L$5,0))<>"",INDEX(FinancialStatement!$B$5:$L$15,Calc!$B12+2,MATCH(Calc!C$5,FinancialStatement!$B$5:$L$5,0)),""),"") -> 1750 | D12: =IFERROR(IF(INDEX(FinancialStatement!$B$5:$L$15,Calc!$B12+2,MATCH(Calc!D$5,FinancialStatement!$B$5:$L$5,0))<>"",INDEX(FinancialStatement!$B$5:$L$15,Calc!$B12+2,MATCH(Calc!D$5,FinancialStatement!$B$5:$L$5,0)),""),"") -> 100 | E12: =IFERROR(IF(INDEX(FinancialStatement!$B$5:$L$15,Calc!$B12+2,MATCH(Calc!E$5,FinancialStatement!$B$5:$L$5,0))<>"",INDEX(FinancialStatement!$B$5:$L$15,Calc!$B12+2,MATCH(Calc!E$5,FinancialStatement!$B$5:$L$5,0)),""),"") -> 175000 | F12: =IFERROR(IF(INDEX(FinancialStatement!$B$5:$L$15,Calc!$B12+2,MATCH(Calc!F$5,FinancialStatement!$B$5:$L$5,0))<>"",INDEX(FinancialStatement!$B$5:$L$15,Calc!$B12+2,MATCH(Calc!F$5,FinancialStatement!$B$5:$L$5,0)),""),"") -> 50000 | G12: =IFERROR(IF(INDEX(FinancialStatement!$B$5:$L$15,Calc!$B12+2,MATCH(Calc!G$5,FinancialStatement!$B$5:$L$5,0))<>"",INDEX(FinancialStatement!$B$5:$L$15,Calc!$B12+2,MATCH(Calc!G$5,FinancialStatement!$B$5:$L$5,0)),""),"") -> 75000 | I12: =IFERROR(IF(AND(LEN(F12)=0,LEN(G12)=0,LEN(H12)=0),IF(LEN(E12)=0,"",0),F12+G12+H12),"") -> 125000 | J12: =IFERROR(E12-I12,"") -> 50000 | K12: =IFERROR(J12/C12,"") -> 28.571429 | L12: =IFERROR(L11+J12,"") -> -11500 | M12: =IF(LEN(E12)=0,"","Yes") -> Yes | O12: =IFERROR(IF($M12="Yes",$B12,""),"") -> 6 | P12: =IFERROR(IF($M12="Yes",IF($L12=0,"",$L12),""),"") -> -11500 | R12: =IFERROR(IF($M12="Yes",$B12,""),"") -> 6 | S12: =IFERROR(IF($M12="Yes",IF($L12=0,"",$L12),""),"") -> -11500 | T12: =IFERROR(IF($M12="Yes",IF($I12=0,"",$I12),""),"") -> 125000 | U12: =IFERROR(IF($M12="Yes",IF($F12=0,"",$F12),""),"") -> 50000 | V12: =IFERROR(IF($M12="Yes",IF($G12=0,"",$G12),""),"") -> 75000 | AD12: =DATE(YEAR(TODAY()),MONTH(TODAY())+AE12,DAY(TODAY())) -> 45158 | AE12: =ROW(AE12)-ROW($AE$6) -> 6
B13: 7 | C13: =IFERROR(IF(INDEX(FinancialStatement!$B$5:$L$15,Calc!$B13+2,MATCH(Calc!C$5,FinancialStatement!$B$5:$L$5,0))<>"",INDEX(FinancialStatement!$B$5:$L$15,Calc!$B13+2,MATCH(Calc!C$5,FinancialStatement!$B$5:$L$5,0)),""),"") -> 1750 | D13: =IFERROR(IF(INDEX(FinancialStatement!$B$5:$L$15,Calc!$B13+2,MATCH(Calc!D$5,FinancialStatement!$B$5:$L$5,0))<>"",INDEX(FinancialStatement!$B$5:$L$15,Calc!$B13+2,MATCH(Calc!D$5,FinancialStatement!$B$5:$L$5,0)),""),"") -> 100 | E13: =IFERROR(IF(INDEX(FinancialStatement!$B$5:$L$15,Calc!$B13+2,MATCH(Calc!E$5,FinancialStatement!$B$5:$L$5,0))<>"",INDEX(FinancialStatement!$B$5:$L$15,Calc!$B13+2,MATCH(Calc!E$5,FinancialStatement!$B$5:$L$5,0)),""),"") -> 175000 | F13: =IFERROR(IF(INDEX(FinancialStatement!$B$5:$L$15,Calc!$B13+2,MATCH(Calc!F$5,FinancialStatement!$B$5:$L$5,0))<>"",INDEX(FinancialStatement!$B$5:$L$15,Calc!$B13+2,MATCH(Calc!F$5,FinancialStatement!$B$5:$L$5,0)),""),"") -> 50000 | G13: =IFERROR(IF(INDEX(FinancialStatement!$B$5:$L$15,Calc!$B13+2,MATCH(Calc!G$5,FinancialStatement!$B$5:$L$5,0))<>"",INDEX(FinancialStatement!$B$5:$L$15,Calc!$B13+2,MATCH(Calc!G$5,FinancialStatement!$B$5:$L$5,0)),""),"") -> 75000 | I13: =IFERROR(IF(AND(LEN(F13)=0,LEN(G13)=0,LEN(H13)=0),IF(LEN(E13)=0,"",0),F13+G13+H13),"") -> 125000 | J13: =IFERROR(E13-I13,"") -> 50000 | K13: =IFERROR(J13/C13,"") -> 28.571429 | L13: =IFERROR(L12+J13,"") -> 38500 | M13: =IF(LEN(E13)=0,"","Yes") -> Yes | O13: =IFERROR(IF($M13="Yes",$B13,""),"") -> 7 | P13: =IFERROR(IF($M13="Yes",IF($L13=0,"",$L13),""),"") -> 38500 | R13: =IFERROR(IF($M13="Yes",$B13,""),"") -> 7 | S13: =IFERROR(IF($M13="Yes",IF($L13=0,"",$L13),""),"") -> 38500 | T13: =IFERROR(IF($M13="Yes",IF($I13=0,"",$I13),""),"") -> 125000 | U13: =IFERROR(IF($M13="Yes",IF($F13=0,"",$F13),""),"") -> 50000 | V13: =IFERROR(IF($M13="Yes",IF($G13=0,"",$G13),""),"") -> 75000 | AD13: =DATE(YEAR(TODAY()),MONTH(TODAY())+AE13,DAY(TODAY())) -> 45189 | AE13: =ROW(AE13)-ROW($AE$6) -> 7
B14: 8 | C14: =IFERROR(IF(INDEX(FinancialStatement!$B$5:$L$15,Calc!$B14+2,MATCH(Calc!C$5,FinancialStatement!$B$5:$L$5,0))<>"",INDEX(FinancialStatement!$B$5:$L$15,Calc!$B14+2,MATCH(Calc!C$5,FinancialStatement!$B$5:$L$5,0)),""),"") | D14: =IFERROR(IF(INDEX(FinancialStatement!$B$5:$L$15,Calc!$B14+2,MATCH(Calc!D$5,FinancialStatement!$B$5:$L$5,0))<>"",INDEX(FinancialStatement!$B$5:$L$15,Calc!$B14+2,MATCH(Calc!D$5,FinancialStatement!$B$5:$L$5,0)),""),"") | E14: =IFERROR(IF(INDEX(FinancialStatement!$B$5:$L$15,Calc!$B14+2,MATCH(Calc!E$5,FinancialStatement!$B$5:$L$5,0))<>"",INDEX(FinancialStatement!$B$5:$L$15,Calc!$B14+2,MATCH(Calc!E$5,FinancialStatement!$B$5:$L$5,0)),""),"") | F14: =IFERROR(IF(INDEX(FinancialStatement!$B$5:$L$15,Calc!$B14+2,MATCH(Calc!F$5,FinancialStatement!$B$5:$L$5,0))<>"",INDEX(FinancialStatement!$B$5:$L$15,Calc!$B14+2,MATCH(Calc!F$5,FinancialStatement!$B$5:$L$5,0)),""),"") | G14: =IFERROR(IF(INDEX(FinancialStatement!$B$5:$L$15,Calc!$B14+2,MATCH(Calc!G$5,FinancialStatement!$B$5:$L$5,0))<>"",INDEX(FinancialStatement!$B$5:$L$15,Calc!$B14+2,MATCH(Calc!G$5,FinancialStatement!$B$5:$L$5,0)),""),"") | I14: =IFERROR(IF(AND(LEN(F14)=0,LEN(G14)=0,LEN(H14)=0),IF(LEN(E14)=0,"",0),F14+G14+H14),"") | J14: =IFERROR(E14-I14,"") | K14: =IFERROR(J14/C14,"") | L14: =IFERROR(L13+J14,"") | M14: =IF(LEN(E14)=0,"","Yes") | O14: =IFERROR(IF($M14="Yes",$B14,""),"") | P14: =IFERROR(IF($M14="Yes",IF($L14=0,"",$L14),""),"") | R14: =IFERROR(IF($M14="Yes",$B14,""),"") | S14: =IFERROR(IF($M14="Yes",IF($L14=0,"",$L14),""),"") | T14: =IFERROR(IF($M14="Yes",IF($I14=0,"",$I14),""),"") | U14: =IFERROR(IF($M14="Yes",IF($F14=0,"",$F14),""),"") | V14: =IFERROR(IF($M14="Yes",IF($G14=0,"",$G14),""),"") | AD14: =DATE(YEAR(TODAY()),MONTH(TODAY())+AE14,DAY(TODAY())) -> 45219 | AE14: =ROW(AE14)-ROW($AE$6) -> 8
B15: 9 | C15: =IFERROR(IF(INDEX(FinancialStatement!$B$5:$L$15,Calc!$B15+2,MATCH(Calc!C$5,FinancialStatement!$B$5:$L$5,0))<>"",INDEX(FinancialStatement!$B$5:$L$15,Calc!$B15+2,MATCH(Calc!C$5,FinancialStatement!$B$5:$L$5,0)),""),"") | D15: =IFERROR(IF(INDEX(FinancialStatement!$B$5:$L$15,Calc!$B15+2,MATCH(Calc!D$5,FinancialStatement!$B$5:$L$5,0))<>"",INDEX(FinancialStatement!$B$5:$L$15,Calc!$B15+2,MATCH(Calc!D$5,FinancialStatement!$B$5:$L$5,0)),""),"") | E15: =IFERROR(IF(INDEX(FinancialStatement!$B$5:$L$15,Calc!$B15+2,MATCH(Calc!E$5,FinancialStatement!$B$5:$L$5,0))<>"",INDEX(FinancialStatement!$B$5:$L$15,Calc!$B15+2,MATCH(Calc!E$5,FinancialStatement!$B$5:$L$5,0)),""),"") | F15: =IFERROR(IF(INDEX(FinancialStatement!$B$5:$L$15,Calc!$B15+2,MATCH(Calc!F$5,FinancialStatement!$B$5:$L$5,0))<>"",INDEX(FinancialStatement!$B$5:$L$15,Calc!$B15+2,MATCH(Calc!F$5,FinancialStatement!$B$5:$L$5,0)),""),"") | G15: =IFERROR(IF(INDEX(FinancialStatement!$B$5:$L$15,Calc!$B15+2,MATCH(Calc!G$5,FinancialStatement!$B$5:$L$5,0))<>"",INDEX(FinancialStatement!$B$5:$L$15,Calc!$B15+2,MATCH(Calc!G$5,FinancialStatement!$B$5:$L$5,0)),""),"") | I15: =IFERROR(IF(AND(LEN(F15)=0,LEN(G15)=0,LEN(H15)=0),IF(LEN(E15)=0,"",0),F15+G15+H15),"") | J15: =IFERROR(E15-I15,"") | K15: =IFERROR(J15/C15,"") | L15: =IFERROR(L14+J15,"") | M15: =IF(LEN(E15)=0,"","Yes") | O15: =IFERROR(IF($M15="Yes",$B15,""),"") | P15: =IFERROR(IF($M15="Yes",IF($L15=0,"",$L15),""),"") | R15: =IFERROR(IF($M15="Yes",$B15,""),"") | S15: =IFERROR(IF($M15="Yes",IF($L15=0,"",$L15),""),"") | T15: =IFERROR(IF($M15="Yes",IF($I15=0,"",$I15),""),"") | U15: =IFERROR(IF($M15="Yes",IF($F15=0,"",$F15),""),"") | V15: =IFERROR(IF($M15="Yes",IF($G15=0,"",$G15),""),"") | AD15: =DATE(YEAR(TODAY()),MONTH(TODAY())+AE15,DAY(TODAY())) -> 45250 | AE15: =ROW(AE15)-ROW($AE$6) -> 9
